 Dungeon Crawl Stone Soup version 0.31-a0-1074-g0b22e4e0f1 (webtiles) character file.

Game seed: 15132417565076537260

32 backslashecho the Grasshopper (level 3, 0/27 HPs)
             Began as a Human Warper on Dec 4, 2023.
             Slain by an orc
             ... wielding a +0 whip
              (5 damage)
             ... on level 2 of the Dungeon.
             The game lasted 00:02:20 (1208 turns).

backslashecho the Grasshopper (Human Warper)        Turns: 1208, Time: 00:02:21

Health: 0/27       AC:  3    Str: 13    XL:     3   Next: 42%
Magic:  6/6        EV: 11    Int: 13    God:
Gold:   29         SH:  0    Dex: 12    Spells: 6/6 levels left

rFire   . . .        a - +0 hand axe
rCold   . . .        (no shield)
rNeg    . . .        b - +0 leather armour
rPois   .            (no helmet)
rElec   .            (no cloak)
rCorr   .            (no gloves)
SInv    .            (no boots)
Will    .....        (no amulet)
Stlth   +            (no ring)
HPRegen 0.24/turn    (no ring)
MPRegen 0.10/turn

%: no passive effects
@: no status effects
A: no striking features
a: no special abilities


You were on level 2 of the Dungeon.
You visited 1 branch of the dungeon, and saw 2 of its levels.

You collected 29 gold pieces.

Inventory:

Hand Weapons
 a - a +0 hand axe (weapon)
Missiles
 d - 6 darts of dispersal (quivered)
Armour
 b - a +0 leather armour (worn)
 i - a +0 kite shield
Scrolls
 c - a scroll of blinking
 f - a scroll of revelation {unknown}
 g - a scroll of enchant armour {unknown}
 h - a scroll of enchant weapon {unknown}
Potions
 e - a potion of degeneration {unknown}


   Skills:
 + Level 2.3 Fighting
 + Level 2.2 Axes
 * Level 1.9 Throwing
 + Level 1.4 Armour
 - Level 2.0 Dodging
 - Level 1.0 Unarmed Combat
 - Level 2.0 Spellcasting
 - Level 3.0 Translocations


You had 6 spell levels left.
You didn't know any spells.
Your spell library contained the following spells:

 Spells                   Type           Power      Damage    Failure   Level
 Blink                    Tloc           18%        N/A       14%         2
 Lesser Beckoning         Tloc           18%        N/A       14%         2
 Teleport Other           Tloc           9%         N/A       28%         3
 Tukima's Dance           Hex            1%         N/A       67%         3
 Manifold Assault         Tloc           9%         N/A       67%         4
 Dimensional Bullseye     Hex/Tloc       2%         N/A       86%         4
 Iskenderun's Mystic Bla  Conj/Tloc      5%         2d3       86%         4
 Vhi's Electric Charge    Tloc/Air       10%        N/A       86%         4


Dungeon Overview and Level Annotations

Branches:
Dungeon (2/15)

Altars:


Message History

The orc barely misses you.
You take 3 damage, and have 23/27 hp.
You completely miss the orc. x2; The orc hits you with a +0 falchion.
The orc closely misses you. The orc hits you with a +0 falchion.
You take 10 damage, and have 13/27 hp.
MASSIVE DAMAGE!!
You hit the orc.
The orc is severely wounded.
You hit the orc. The orc barely misses you.
The orc hits you with a +0 falchion. The orc hits you with a +0 whip.
You take 4 damage, and have 9/27 hp.
You are too injured to fight recklessly!
You are too injured to fight recklessly!
You are too injured to fight recklessly!
You are too injured to fight recklessly!
You are too injured to fight recklessly!
You are too injured to fight recklessly!
You are too injured to fight recklessly!
You are too injured to fight recklessly!
You are too injured to fight recklessly!
You are too injured to fight recklessly!
You are too injured to fight recklessly!
You are too injured to fight recklessly!
You are too injured to fight recklessly!
You are too injured to fight recklessly!
The orc attacks as it pursues you! The orc closely misses you.
You hit the orc.
You kill the orc!
You hit the rat but do no damage. The rat barely misses you.
You hit the rat.
The rat is heavily wounded.
The rat closely misses you.
You hit the rat.
You kill the rat!
You hit the orc but do no damage.
The orc is moderately wounded.
The orc hits you with a +0 whip.
* * * LOW HITPOINT WARNING * * *
You take 2 damage, and have 8/27 hp.
You barely miss the orc.
The orc is moderately wounded.
The orc barely misses you. x2
You closely miss the orc.
The orc is moderately wounded.
The orc hits you with a +0 whip.
* * * LOW HITPOINT WARNING * * *
You take 4 damage, and have 5/27 hp.
You closely miss the orc.
The orc is moderately wounded.
The orc hits you with a +0 whip.
You die...

##.............###o....
#...............#.o.....
#.........<......o......
#................#......
#................# ....
#...............##... .
#.............)###.#####
..#...........)o)...|...
.###..##.##...##@.#####
.....###.##......##
.............#####
..####......### .
#..#..........#####...
#.....................
#.....................
..#.........>.#####..#
#.#...........##


You could see an orc.

Vanquished Creatures
  A worm (D:2)
  A dart slug (D:1)
  3 orcs (D:2)
  4 ball pythons (D:1)
  A bat (D:1)
  2 endoplasms
  2 giant cockroaches (D:1)
  A goblin (D:2)
  2 hobgoblins (D:1)
  A quokka (D:1)
  A kobold (D:1)
  3 rats
22 creatures vanquished.

Notes
Turn   | Place    | Note
-------+----------+-------------------------------------------
     0 | D:1      | backslashecho the Human Warper began the quest for the Orb.
     0 | D:1      | Reached XP level 1. HP: 16/16 MP: 3/3
   211 | D:1      | Reached XP level 2. HP: 22/22 MP: 5/5
   654 | D:1      | Found a faded altar of an unknown god.
  1115 | D:2      | Reached skill level 1 in Unarmed Combat
  1115 | D:2      | Reached XP level 3. HP: 25/27 MP: 6/6
  1208 | D:2      | Slain by an orc

Illustrated notes

Levels and vault maps discovered:
D:1:      psy_arrival_whirlpool, layout_basic,
          dilly_ecumenical_altar_fadedgnrine
D:2:      layout_rooms, basic_altar

Skill      XL: |  1  2 |
---------------+-------+-----
Unarmed Combat | 1 |  1.0
Fighting       | |  2.3
Axes           | |  2.2
Throwing       | |  1.9
Armour         | |  1.4
Dodging        | |  2.0
Spellcasting   | |  2.0
Translocations | |  3.0

Action                     || total
---------------------------++-------
  Melee: Hand axe          ||    94
         Punch             ||     1
  Throw: Dart              ||     1
 Armour: Leather armour    ||    48
  Dodge: Dodged            ||    59

Table legend: (Time is in decaauts)
 A = Elapsed time spent in this place.
 B = Non-inter-level travel time spent in this place.
 C = Inter-level travel time spent in this place.
 D = Time resting spent in this place.
 E = Time spent auto-exploring this place.
 F = Levels seen in this place.
 G = Mean time per level.
                   A        B        C        D        E       F      G
               +--------+--------+--------+--------+--------+-----+--------+
         Total |   1229 |   1181 |     48 |     59 |    913 |   2 |  614.5 |
       Dungeon |   1229 |   1181 |     48 |     59 |    913 |   2 |  614.5 |
               +--------+--------+--------+--------+--------+-----+--------+

Top non-repeatable levels by time:
     D:1: 1088 daAuts
     D:2: 141 daAuts
